 Dungeon Crawl Stone Soup version 0.31.0-32-g396128a36d (webtiles) character file.

Game seed: 5268044860349405955

776 nuka the Ruffian (level 7, -8/68 HPs)
             Began as a Troll Fighter on Apr 1, 2024.
             Mangled by Ijyb the wyvern (13 damage)
             ... on level 4 of the Dungeon.
             The game lasted 00:09:05 (2805 turns).

nuka the Ruffian (Troll Fighter)                    Turns: 2805, Time: 00:09:06

Health: -8/68      AC:  6    Str: 25    XL:     7   Next: 54%
Magic:  6/6        EV:  9    Int:  4    God:
Gold:   183        SH:  8    Dex: 11    Spells: 6/6 levels left

rFire   . .          .
                       - Unarmed
rCold   . . .        b - +0 kite shield
rNeg    + . .        q - +1 robe
rPois   .            (helmet restricted)
rElec   .            p - +0 cloak
rCorr   .            (gloves unavailable)
SInv    +            (boots unavailable)
Will    .....        (no amulet)
Stlth   +            g - ring of positive energy
HPRegen 1.11/turn    o - ring of see invisible
MPRegen 0.10/turn

%: no passive effects
@: no status effects
A: large, unfitting armour, claws 3, regeneration 1, shaggy fur 1, tough skin 1
a: no special abilities


You were on level 4 of the Dungeon.
You visited 1 branch of the dungeon, and saw 4 of its levels.

You collected 183 gold pieces.

Inventory:

Missiles
 i - 6 boomerangs (quivered)
Armour
 b - a +0 kite shield (worn)
 p - a +0 cloak (worn)
 q - a +1 robe (worn)
Jewellery
 a - a +6 ring of intelligence
 g - a ring of positive energy (left claw)
 k - a ring of positive energy
 o - a ring of see invisible (right claw)
 t - a ring of positive energy
Scrolls
 c - a scroll of fog {unknown}
 d - 4 scrolls of teleportation {unknown}
 e - 4 scrolls of identify {unknown}
 j - 2 scrolls of vulnerability {unknown}
 l - 2 scrolls of acquirement {unknown}
 n - 2 scrolls of immolation {unknown}
 s - a scroll of enchant armour {unknown}
Potions
 f - 2 potions of curing {unknown}
 h - a potion of berserk rage {unknown}
 m - a potion of invisibility {unknown}


   Skills:
 + Level 3.9 Fighting
 + Level 3.9 Dodging
 + Level 4.3 Shields
 * Level 5.7 Unarmed Combat


You had 6 spell levels left.
You didn't know any spells.
Your spell library contained the following spells:

 Spells                   Type           Power      Damage    Failure   Level
 Shock                    Conj/Air       0%         1d3       75%         1
 Fugue of the Fallen      Necr           0%         N/A       98%         3
 Ozocubu's Armour         Ice            0%         N/A       98%         3
 Swiftness                Air            0%         N/A       98%         3
 Airstrike                Air            0%         2d(0-16)  100%        4
 Manifold Assault         Tloc           0%         N/A       100%        4


Dungeon Overview and Level Annotations

Branches:
Dungeon (4/15)
 Temple: D:4-7

Altars:

Annotations:
D:4 Ijyb


Innate Abilities, Weirdness & Mutations

You are too large for most types of armour.
You have claws for hands.
Your natural rate of healing is unusually fast.
You are covered in fur. (AC +1)
You have tough skin. (AC +1)


Message History

Ijyb hits you with a +0 war axe!
Aiming: Throw Flame
Press: ? - help, Q - select action, (/) - cycle Shift-Dir - straight line, f - Ijyb
Aim: Ijyb, wielding a +0 war axe, wearing a +0 scale mail and carrying a wand of polymorph (heavily wounded, 64% to hit)
The puff of flame hits Ijyb but does no damage.
Ijyb is heavily wounded.
Ijyb hits you with a +0 war axe!
Aiming: Polymorph
Press: ? - help, Q - select action, (/) - cycle Shift-Dir - straight line, f/p - Ijyb
Aim: Ijyb, wielding a +0 war axe, wearing a +0 scale mail and carrying a wand of polymorph (heavily wounded, will become an iguana, a bombardier beetle, or an adder, chance to affect: 57%) Ijyb evaporates and reforms as a bombardier beetle!
Aiming: Polymorph
Press: ? - help, Q - select action, (/) - cycle Shift-Dir - straight line, f/p - Ijyb
Aim: Ijyb the bombardier beetle (heavily wounded, will become a gnoll, a wyvern, or a ribbon worm, chance to affect: 49%) Ijyb the bombardier beetle evaporates and reforms as a wyvern!
You feel less porcine.
Your +0 cloak unmelds from your body.
Your +0 kite shield unmelds from your body.
Your +1 robe unmelds from your body.
Your ring of positive energy unmelds from your body.
Your ring of see invisible unmelds from your body.
Ijyb bites you!
* * * LOW HITPOINT WARNING * * *
Aiming: Polymorph
Press: ? - help, Q - select action, (/) - cycle Shift-Dir - straight line, f/p - Ijyb
Aim: Ijyb the wyvern (heavily wounded, will become a killer bee, a steam dragon, or a fire bat, chance to affect: 49%) Ijyb resists with some effort.
The now-empty wand crumbles to dust.
Ijyb barely misses you. Ijyb closely misses you.
Aiming: Throw Flame
Press: ? - help, Q - select action, (/) - cycle Shift-Dir - straight line, f/p - Ijyb
Aim: Ijyb the wyvern (heavily wounded, 68% to hit)
The puff of flame hits Ijyb but does no damage.
Ijyb is heavily wounded.
The now-empty wand crumbles to dust.
Ijyb bites you!
* * * LOW HITPOINT WARNING * * *
You scratch Ijyb.
Ijyb is severely wounded.
Ijyb bites you!
You die...

## .# .# .# .# #########
########### .# .8.8.8..#
#.........### ## ........#
#..........(# ####
........#####...........##.
...#
........gk@)......>........
##.#
gg.(.....########.......#
##.# g........# #.......#
.#.# .8.8(8..## ##)######
...##########.# ####.####
.#......... ..# #.......#
.#.############ #.##.##.#
.#.# #.##.# ### .#.##
#.##.# .


You could see Ijyb the wyvern and a goblin.

Vanquished Creatures
  Sigmund (D:2)
  Menkaure (D:4)
  A wolf (D:4)
  A centaur (D:4)
  A howler monkey (D:4)
  3 hounds (D:4)
  Crazy Yiuf (D:2)
  An orc priest (D:4)
  A jelly (D:3)
  Robin (D:3)
  3 adders
  A ribbon worm (D:2)
  2 dart slugs
  8 orcs
  7 endoplasms
  4 giant cockroaches
  20 goblins
  2 hobgoblins
  2 jackals (D:2)
  A quokka (D:2)
  13 ball pythons
  2 bats (D:2)
  5 frilled lizards
  5 kobolds
  2 rats (D:3)
89 creatures vanquished.

Notes
Turn   | Place    | Note
-------+----------+-------------------------------------------
     0 | D:1      | nuka the Troll Fighter began the quest for the Orb.
     0 | D:1      | Reached XP level 1. HP: 22/22 MP: 0/0
   319 | D:1      | Reached XP level 2. HP: 29/29 MP: 1/1
   752 | D:2      | Reached XP level 3. HP: 31/36 MP: 2/2
   950 | D:2      | Found a runed translucent door.
   951 | D:2      | Noticed Crazy Yiuf
  1081 | D:2      | Noticed Sigmund
  1093 | D:2      | Killed Sigmund
  1094 | D:2      | Reached skill level 3 in Unarmed Combat
  1094 | D:2      | Reached XP level 4. HP: 45/45 MP: 3/3
  1094 | D:2      | Reached XP level 5. HP: 53/53 MP: 4/4
  1126 | D:2      | Reached skill level 4 in Unarmed Combat
  1459 | D:2      | Killed Crazy Yiuf
  1550 | D:3      | Reached XP level 6. HP: 57/61 MP: 5/5
  1774 | D:3      | Noticed Robin
  1796 | D:3      | Killed Robin
  2241 | D:4      | Noticed Menkaure
  2255 | D:4      | Killed Menkaure
  2256 | D:4      | Reached skill level 5 in Unarmed Combat
  2256 | D:4      | Reached XP level 7. HP: 12/68 MP: 6/6
  2690 | D:4      | Noticed Eustachio
  2697 | D:4      | Eustachio changed into Eustachio the wolf
  2697 | D:4      | Noticed Eustachio
  2706 | D:4      | Killed Eustachio the wolf
  2767 | D:4      | Noticed Ijyb
  2801 | D:4      | Ijyb changed into Ijyb the bombardier beetle
  2801 | D:4      | Noticed Ijyb
  2802 | D:4      | Ijyb the bombardier beetle changed into Ijyb the wyvern
  2802 | D:4      | Noticed Ijyb
  2805 | D:4      | Mangled by Ijyb the wyvern

Illustrated notes

Levels and vault maps discovered:
D:1:      co_arrival_hexagon_in_a_hexagon, layout_rooms,
          amcnicky_mini_pool_small, kennysheep_small_spiral,
          minmay_misc_feat_five, minmay_unequal
D:2:      layout_basic, minmay_shallow_snake_nest, uniq_crazy_yiuf_cottage,
          uniq_sigmund
D:3:      layout_rooms, uniq_robin
D:4:      kennysheep_the_goblin_king, layout_basic, uniq_ijyb, uniq_menkaure,
          uniq_eustachio

Skill      XL: |  1  2  3  4  5  6 |
---------------+-------------------+-----
Shields        | 3 4 |  4.3
Fighting       | 3 |  3.9
Dodging        | 3 |  3.9
Unarmed Combat | 3 4 5 |  5.7

Action                     |  1- 3 |  4- 6 |  7- 9 || total
---------------------------+-------+-------+-------++-------
  Melee: Unarmed           |    54 |    92 |    77 ||   223
  Evoke: Wand              |       |     3 |    12 ||    15
    Use: Potion            |     1 |       |       ||     1
 Armour: Robe              |    18 |    59 |    35 ||   112
         Skin              |       |       |     6 ||     6
  Dodge: Dodged            |    17 |    38 |    26 ||    81
  Block: Kite shield       |    17 |    41 |    12 ||    70
